 Dungeon Crawl Stone Soup version 0.20.0-15-g7f486f2 (webtiles) character file.

1734 vishdafish the Grappler (level 8, -2/78 HPs)
             Began as a Troll Monk on June 30, 2017.
             Killed from afar by Dowan (13 damage)
             ... with a shard of ice
             ... on level 6 of the Dungeon.
             The game lasted 00:06:31 (3476 turns).

vishdafish the Grappler (Troll Monk)                Turns: 3476, Time: 00:06:31

Health: -2/78      AC:  6    Str: 21    XL:     8   Next: 76%
Magic:  7/7        EV: 12    Int:  6    God:
Gold:   223        SH:  0    Dex: 13    Spells: 7/7 levels left

rFire    . . .     SeeInvis .     - Unarmed
rCold    . . .     Gourm    +   (no shield)
rNeg     . . .     Faith    .   F - +0 animal skin
rPois    .         Spirit   .   (helmet restricted)
rElec    .         Reflect  .   A - +0 cloak
rCorr    .         Harm     .   (gloves unavailable)
MR       .....                  (boots unavailable)
Stlth    +.........             (no amulet)
Regen    0.7/turn               (no ring)
MPRegen  0.1/turn               (no ring)

@: hasted, glowing, very quick
A: unfitting armour, claws 3, fast metabolism 3, gourmand, regeneration 1,
shaggy fur 1, tough skin 2
a: no special abilities


You were on level 6 of the Dungeon.
You were full.

You visited 1 branch of the dungeon, and saw 6 of its levels.

You collected 223 gold pieces.

Inventory:

Armour
 a - a +0 robe
 A - a +0 cloak (worn)
 F - a +0 animal skin (worn)
Jewellery
 o - a +4 ring of strength {unknown}
 s - an uncursed ring of stealth {unknown}
 H - an uncursed ring of protection from cold {unknown}
Wands
 y - a wand of flame (38/48)
 B - a wand of iceblast (11/15)
Scrolls
 c - 2 scrolls of magic mapping {unknown}
 d - a scroll of remove curse {unknown}
 e - 2 scrolls of immolation {unknown}
 h - a scroll of enchant armour {unknown}
 i - 6 scrolls of identify {unknown}
 l - a scroll of amnesia {unknown}
 w - 2 scrolls of teleportation {unknown}
 z - a scroll of random uselessness {unknown}
 C - 2 scrolls of enchant weapon {unknown}
 E - a scroll of recharging {unknown}
 G - a scroll of blinking {unknown}
Potions
 j - 3 potions of curing
 k - a potion of resistance {unknown}
 m - a potion of berserk rage {unknown}
 n - 2 potions of brilliance {unknown}
 p - a potion of degeneration {unknown}
 q - 2 potions of heal wounds {unknown}
 r - 4 potions of ambrosia {unknown}
 t - a potion of mutation {unknown}
 u - a potion of haste
 v - a potion of lignification {unknown}
 x - a potion of magic {unknown}
 D - a potion of might {unknown}
 I - a potion of agility {unknown}
Comestibles
 b - 5 bread rations
 f - 3 meat rations
 g - 7 royal jellies


   Skills:
 + Level 3.6 Fighting
 + Level 4.9 Dodging
 + Level 2.2 Stealth
 + Level 9.3 Unarmed Combat


You had 7 spell levels left.
You didn't know any spells.

Dungeon Overview and Level Annotations

Branches:
Dungeon (6/15)
 Temple: D:4-7

Altars:
Uskayaw
Xom

Annotations:
D:6 Dowan


Innate Abilities, Weirdness & Mutations

You are too large for most types of armour.
You have claws for hands.
Your metabolism is lightning-fast.
You like to eat raw meat.
Your natural rate of healing is unusually fast.
You are covered in fur. (AC +1)
You have very tough skin. (AC +2)


Message History

Dowan hits you but does no damage. The hound bites you but does no damage.
Dowan hits you with a dagger.
* * * LOW HITPOINT WARNING * * *
You barely miss Dowan. The hound misses you.
You barely miss Dowan. Dowan hits you but does no damage.
The hound bites you but does no damage.
You claw Dowan!
Dowan is moderately wounded.
Dowan barely misses you.
You claw Dowan!
Dowan is almost dead.
The hound misses you.
Dowan breathes, "And she was my only..."
Dowan misses you.
You closely miss Dowan.
Dowan is almost dead.
The hound misses you. Dowan gestures at you while chanting.
The shard of ice hits you!
You die...

#.# #..#.#
#..#.# #..#.#
#..#.#
#####..#.#######
.......#>.......
.......h......##
####..@e....≈≈#
####)##.#≈≈# #/#
.# ≈# #.# # #
#.# #.# #.# #.#


You could see Dowan and a hound.

Vanquished Creatures
  Pikel (D:5)
  Grinder (D:4)
  Sigmund (D:5)
  Edmund (D:5)
  Duvessa (D:6)
  2 slaves (D:5)
  A phantom (D:4)
  2 centaurs (D:5)
  A centaur zombie (D:5)
  An orc wizard (D:4)
  3 hounds (D:5)
  Ijyb (D:3)
  Terence (D:3)
  An iguana (D:4)
  2 worker ants
  Robin (D:4)
  6 adders
  3 oozes
  An adder skeleton (D:4)
  4 worms
  A dart slug (D:3)
  A leopard gecko (D:5)
  12 orcs
  6 bats
  8 giant cockroaches
  13 goblins
  9 hobgoblins
  6 jackals
  7 kobolds
  A quokka (D:4)
  3 ball pythons
  A frilled lizard (D:2)
  8 rats
111 creatures vanquished.

Notes
Turn   | Place    | Note
-------+----------+-------------------------------------------
     0 | D:1      | vishdafish the Troll Monk began the quest for the Orb.
     0 | D:1      | Reached XP level 1. HP: 22/22 MP: 0/0
   196 | D:1      | Reached XP level 2. HP: 18/29 MP: 1/1
   669 | D:2      | Reached XP level 3. HP: 34/36 MP: 2/2
  1055 | D:2      | Reached XP level 4. HP: 43/44 MP: 3/3
  1380 | D:3      | Noticed Terence
  1381 | D:3      | Noticed Ijyb
  1387 | D:3      | Killed Terence
  1387 | D:3      | Reached skill level 4 in Unarmed Combat
  1395 | D:3      | Killed Ijyb
  1395 | D:3      | Reached XP level 5. HP: 15/50 MP: 4/4
  2073 | D:4      | Noticed Grinder
  2085 | D:4      | Killed Grinder
  2085 | D:4      | Reached skill level 5 in Unarmed Combat
  2085 | D:4      | Reached XP level 6. HP: 47/59 MP: 5/5
  2212 | D:4      | Reached XP level 7. HP: 37/67 MP: 6/6
  2299 | D:4      | Reached skill level 6 in Unarmed Combat
  2307 | D:4      | Noticed Robin
  2327 | D:4      | Killed Robin
  2639 | D:5      | Entered Level 5 of the Dungeon
  2893 | D:5      | Noticed Edmund
  2902 | D:5      | Killed Edmund
  2902 | D:5      | Reached skill level 7 in Unarmed Combat
  2910 | D:5      | Found a shimmering altar of Xom.
  2910 | D:5      | Noticed Sigmund
  2923 | D:5      | Killed Sigmund
  2960 | D:5      | Found a hide-covered altar of Uskayaw.
  2996 | D:5      | Reached XP level 8. HP: 74/75 MP: 7/7
  3137 | D:5      | Noticed Pikel
  3152 | D:5      | Killed Pikel
  3152 | D:5      | Reached skill level 8 in Unarmed Combat
  3362 | D:5      | Reached skill level 9 in Unarmed Combat
  3444 | D:6      | Noticed Dowan
  3445 | D:6      | Noticed Duvessa
  3460 | D:6      | Killed Duvessa
  3476 | D:6      | Killed from afar by Dowan

Skill      XL: |  1  2  3  4  5  6  7  8 |
---------------+-------------------------+-----
Dodging        | 3 4 |  4.9
Unarmed Combat | 4 5 7 9 |  9.3
Fighting       | 3 |  3.6
Stealth        | 2 |  2.2

Action                   |  1- 3 |  4- 6 |  7- 9 || total
-------------------------+-------+-------+-------++-------
Melee: Unarmed           |    78 |   145 |   158 ||   381
       Punch             |       |       |     4 ||     4
  Use: Potion            |       |       |     2 ||     2
 Stab: Sleeping          |     3 |     1 |     1 ||     5
  Eat: Chunk             |     6 |     8 |    16 ||    30
       Meat ration       |       |     1 |       ||     1
Armor: Robe              |    35 |    37 |     3 ||    75
       Animal skin       |       |       |    33 ||    33
Dodge: Dodged            |    41 |    64 |    80 ||   185
